Description

This is my first guide. The purpose was to create it for my own use. The build is not exactly the same. I only reordered things like instead of getting a 5 hydras at 6:10 and then getting carapace, I've put the upgrade first so it is easier to follow. Also I took out one hydra that was in between buildings for the same reason. I kept the units for my own interests. If the units are displayed separately please tell me how to fix this. I made sure the combine option was ticked and I also tried to do this manually but it kept adding individual units so I left it as it is.

VOD

https://www.youtube.com/watch?v=EBJAX5OvKrU

Replay - Nerchio v Showtime: Game 1 - Dusk Towers

Build Order

Get SALT Encoding   

  13  0:12  Overlord  
  17  0:51  Hatchery  
  18  1:07  Extractor  
  17  1:15  Spawning Pool  
  19  1:38  Overlord  
  20  2:02  Zergling x2  
  20  2:03  Queen x2  
  20  2:07  Metabolic Boost  
  30  2:39  Hatchery  
  30  2:42  Zergling x4  
  31  2:50  Overlord  
  38  3:17  Overlord  
  41  3:26  Queen  
  44  3:35  Overlord, Queen  
  55  4:05  Spore Crawler  
  57  4:11  Queen  
  57  4:15  Spore Crawler  
  60  4:22  Extractor, Evolution Chamber  
  61  4:30  Lair  
  61  4:32  Spore Crawler  
  65  4:49  Zerg Missile Weapons Level 1  
  65  4:57  Extractor x3  
  70  5:13  Extractor  
  74  5:20  Hatchery  
  76  5:31  Hydralisk Den  
  79  5:38  Spore Crawler  
  83  6:01  Hydralisk x5, Muscular Augments  
  88  6:10  Hydralisk x4  
  94  6:13  Spore Crawler  
  101  6:19  Pneumatized Carapace  
  101  6:24  Extractor  
  121  6:56  Zerg Melee Weapons Level 1, Evolution Chamber  
  127  7:16  Lurker Den  
  127  7:24  Nydus Network  
  127  7:26  Zerg Missile Weapons Level 2  
  127  7:31  Extractor  
  127  7:32  Zergling x12  
  132  7:42  Zergling x2  
  134  7:50  Overseer  
  145  8:48  Lurker x10  
Spawning Tool Build Advisor. Get it on Overwolf

Analysis

I started SC2 3 weeks ago and I am in Gold 1 so its not really my place to make an analysis. However, this build seems effective only if you can carry on multiple and consecutive attacks. The opponent will probably have a bigger army if the execution of both players is similar, thus tactics and multitasking are a must. Pig video about the build is great so I recommend it. However, overall the video is focused on countering the build especially in the second half. Anyway the video is still necessary in my opinion. Feel free to hop in with any advice and changes.

Go to:

Details

  • Created by: mihaystills
  • Published on: May 03, 2018
  • Modified on: May 03, 2018
  • Patch: 4.0.0
Show
View Real Time Build Order
Export as new Build Order

Comments (0)

There are no comments. Be the first!

Create an account to comment!